 Dungeon Crawl Stone Soup version 0.31.0-9-g3a7656b989 (webtiles) character file.

Game seed: 8956966205859671758

8 Colgate the Poker (level 2, 24/24 HPs)
             Began as a Demonspawn Chaos Knight on Feb 3, 2024.
             Was a Plaything of Xom.
             Quit the game on level 1 of the Dungeon.
             The game lasted 00:00:07 (137 turns).

Colgate the Poker (Demonspawn Chaos Knight)          Turns: 137, Time: 00:00:07

Health: 24/24      AC:  7    Str: 12    XL:     2   Next: 0%
Magic:  2/2        EV: 11    Int: 12    God:    Xom [....*.]
Gold:   12         SH:  0    Dex: 12    Spells: 1/1 levels left

rFire   . . .        a - +0 spear (chaos)
rCold   . . .        (no shield)
rNeg    . . .        b - +2 leather armour
rPois   .            (no helmet)
rElec   .            (no cloak)
rCorr   .            (no gloves)
SInv    .            (no boots)
Will    .....        (no amulet)
Stlth   +            (no ring)
HPRegen 0.24/turn    (no ring)
MPRegen 0.08/turn

%: no passive effects
@: no status effects
A: molten scales 1
a: Renounce Religion


You were on level 1 of the Dungeon.
You worshipped Xom.
You were a beloved toy of Xom.
You visited 1 branch of the dungeon, and saw 1 of its levels.

You collected 12 gold pieces.

Inventory:

Hand Weapons
 a - a +0 spear of chaos (weapon)
Armour
 b - a +2 leather armour (worn)
Scrolls
 c - a scroll of butterflies


   Skills:
 - Level 3.0 Fighting
 + Level 3.2 Polearms
 - Level 1.7 Armour
 - Level 0.8 Dodging


You had one spell level left.
You didn't know any spells.
Your spell library was empty.

Dungeon Overview and Level Annotations

Branches:
Dungeon (1/15)

Altars:


Innate Abilities, Weirdness & Mutations

You are partially covered in molten scales. (AC +2)


Message History

A goblin comes into view. It is wielding a +0 dagger.
The goblin shouts!
You reach to attack!
You barely miss the goblin.
A goblin is nearby!
You closely miss the goblin. The goblin closely misses you.
A goblin is nearby!
You hit the goblin. You freeze the goblin. The goblin misses you.
A goblin is nearby!
You barely miss the goblin. The goblin barely misses you.
A goblin is nearby!
You hit the goblin. The goblin barely misses you.
A goblin is nearby!
You closely miss the goblin.
A goblin is nearby!
You hit the goblin but do no damage.
The goblin is poisoned.
You kill the goblin!
Key pressed, stopping explore.
No target in view!
Things that are here:
a +0 dagger; a goblin corpse
Found a leather armour.
No target in view!
A rat and a frilled lizard come into view.
The rat squeaks loudly.
There are monsters nearby!
You barely miss the rat. The rat barely misses you.
There are monsters nearby!
You hit the rat. You freeze the rat.
You kill the rat!
A frilled lizard is nearby!
You reach to attack!
You hit the frilled lizard but do no damage.
A frilled lizard is nearby!
You hit the frilled lizard. You burn the frilled lizard.
You kill the frilled lizard!
You have reached level 2!
Your demonic ancestry asserts itself...
Molten scales grow over part of your body.
Xom is amused.
Are you sure you want to abandon this character and quit the game? (Confirm with "yes".)

#############
.............#
.............+
.[...........#
.............#
............#
........?...#
#######..@....#
#.....(..##############
#
#......................
#.
#.........####.........
##.####....####.#
#.########
..............#.####)##
....................>#
#. #...........####..#
###.##.#....##.### #..#


There were no monsters in sight!

Vanquished Creatures
  A ball python (D:1)
  A goblin (D:1)
  2 kobolds (D:1)
  2 frilled lizards (D:1)
  2 rats (D:1)
8 creatures vanquished.

Notes
Turn   | Place    | Note
-------+----------+-------------------------------------------
     0 | D:1      | Colgate the Demonspawn Chaos Knight began the quest for the
                  | Orb.
     0 | D:1      | Reached XP level 1. HP: 18/18 MP: 1/1
    10 | D:1      | XOM: silly message
   137 | D:1      | Gained mutation: You are partially covered in molten
                  | scales. (AC +2) [demonic ancestry]
   137 | D:1      | Reached XP level 2. HP: 24/24 MP: 2/2
   137 | D:1      | Quit the game

Illustrated notes

Levels and vault maps discovered:
D:1:      shiori_arrival_oz, layout_basic

Skill      XL: |  1 |
---------------+----+-----
Polearms       | 3 |  3.2
Fighting       | |  3.0
Armour         | |  1.7
Dodging        | |  0.8

Action                     || total
---------------------------++-------
  Melee: Spear             ||    23
 Armour: Leather armour    ||     2
  Dodge: Dodged            ||     9
